Match 47399744
Unlisted

Match 47399744
End
Construct Section Command Post
Vickers Machine Gun Team
Dingo Light Scout Car
Infantry Section
Infantry Section
Grenade Package
Construct Platoon Command Post
Selects Air and Sea Battlegroup
Selects Supply Surplus
Construct Field Infirmary
Humber Armored Car
6-pounder Anti-tank Gun Team
Forward Retreat Point
Infantry Section
Construct Company Command Post
Construct Resource Cache
Matilda II Heavy Tank
Foot Guards Section
Selects UNKNOWN (223837)
Royal Engineer Section
Unlock M3 Grant Medium Tanks
Selects Naval Bombardment
M3 Grant Medium Tank
M3 Grant Medium Tank
Unlock Towed 17-pounder Anti-tank Guns
Construct Field Infirmary
17-pounder Anti-tank Gun Team
Naval Bombardment
Construct Field Infirmary
Selects Commando Section Paradrop
Selects M1 Pack Howitzer Paradrop
Selects Anti-tank Rocket Loiter
Anti-tank Rocket Loiter
M3 Grant Medium Tank
Foot Guards Section
Construct Field Infirmary
17-pounder Anti-tank Gun Team
Anti-tank Rocket Loiter
Royal Engineer Section
Construct Field Infirmary
Some_Devil
SK4F6
Commander Z
TURBOMAN
Phan
Tkil
kamacura
Green Sea Squash
0
0

Comments sign in to comment!

No comments posted yet!